 Dungeon Crawl Stone Soup version 0.32-a0-136-gc02482bde3 (webtiles) character file.

Game seed: 18308768805502467680

573 CougarLife the Digger (level 7, -1/36 HPs)
             Began as a Gargoyle Earth Elementalist on Feb 10, 2024.
             Slain by a gnoll
             ... wielding a +0 halberd
              (8 damage)
             ... on level 5 of the Dungeon.
             The game lasted 00:05:18 (4846 turns).

CougarLife the Digger (Gargoyle Earth Elementalist) Turns: 4846, Time: 00:05:19

Health: -1/36      AC:  7    Str: 11    XL:     7   Next: 34%
Magic:  4/13       EV: 11    Int: 18    God:
Gold:   196        SH:  0    Dex: 10    Spells: 11/15 levels left

rFire   . . .        p - +2 dagger (speed)
rCold   . . .        (no shield)
rNeg    + . .        a - +0 robe
rPois   ∞            (no helmet)
rElec   +            (no cloak)
rCorr   .            (no gloves)
SInv    .            s - +0 pair of boots
Will    .....        (no amulet)
Stlth   ++           (no ring)
HPRegen 0.26/turn    (no ring)
MPRegen 0.13/turn

%: no passive effects
@: no status effects
A: sickness immunity, AC +4, negative energy resistance 1, electricity
resistance, torment resistance 1, petrification resistance
a: no special abilities


You were on level 5 of the Dungeon.
You visited 1 branch of the dungeon, and saw 5 of its levels.

You collected 196 gold pieces.

Inventory:

Hand Weapons
 p - a +2 dagger of speed (weapon)
Missiles
 b - 2 throwing nets
Armour
 a - a +0 robe (worn)
 s - a +0 pair of boots (worn)
Jewellery
 l - a ring of ice
 q - a ring of ice
Scrolls
 f - 2 scrolls of immolation {unknown}
 g - 2 scrolls of teleportation {unknown}
 h - 2 scrolls of poison {unknown}
 i - a scroll of butterflies {unknown}
 j - 2 scrolls of revelation {unknown}
 m - 2 scrolls of identify {unknown}
 r - a scroll of fog {unknown}
 t - a scroll of vulnerability {unknown}
 w - a scroll of enchant weapon {unknown}
Potions
 c - a potion of mutation {unknown}
 d - 3 potions of ambrosia {unknown}
 e - a potion of lignification {unknown}
 k - a potion of curing {unknown}
 n - 2 potions of brilliance {unknown}
 o - a potion of enlightenment {unknown}
 u - a potion of heal wounds {unknown}
 v - a potion of berserk rage {unknown}


   Skills:
 - Level 1.5 Dodging
 - Level 2.1 Stealth
 + Level 4.5 Spellcasting
 + Level 4.7 Conjurations
 + Level 6.4 Earth Magic


You had 11 spell levels left.
You knew the following spells:

 Your Spells              Type           Power      Damage    Failure   Level
a - Sandblast             Erth           54%        2d13      1%          1
b - Stone Arrow           Conj/Erth      48%        3d10      4%          3

Your spell library contained the following spells:

 Spells                   Type           Power      Damage    Failure   Level
 Passwall                 Erth           27%        N/A       3%          3
 Brom's Barrelling Bould  Conj/Erth      24%        2d5       14%         4
 Petrify                  Alch/Erth      15%        N/A       36%         4
 Gell's Gravitas          Tloc           4%         N/A       38%         3
 Teleport Other           Tloc           4%         N/A       38%         3
 Tukima's Dance           Hex            4%         N/A       38%         3
 Iskenderun's Mystic Bla  Conj/Tloc      12%        2d5       47%         4
 Dimensional Bullseye     Hex/Tloc       2%         N/A       80%         4
 Dispersal                Tloc           2%         N/A       100%        6


Dungeon Overview and Level Annotations

Branches:
Dungeon (5/15)
 Temple: D:4-7

Altars:
Dithmenos
Elyvilon
Okawaru
Qazlal
Wu Jian


Innate Abilities, Weirdness & Mutations

You are immune to sickness and miasma.
Your stone body is resilient. (AC +4)
You are immune to poison.
You resist negative energy. (rN+)
You are resistant to electric shocks. (rElec)
You are resistant to unholy torment.
You are immune to petrification.


Message History

The blast of sand hits the iguana.
The iguana is severely wounded.
The gnoll hits you from afar with a +0 halberd!
The iguana bites you. The iguana closely misses you.
The gnoll barely misses you.
Casting: Sandblast (safe; 1% risk of failure)
Confirm with . or Enter, or press ? or * to list all spells.
Aiming: Sandblast (safe; 1% risk of failure)
Press: ? - help, Shift-Dir - straight line, f/p - gnoll
Aim: a gnoll, wielding a +0 halberd (85% to hit)
The blast of sand hits the iguana.
The iguana is almost dead.
The iguana closely misses you. The gnoll hits you but does no damage.
Casting: Sandblast (safe; 1% risk of failure)
Confirm with . or Enter, or press ? or * to list all spells.
Aiming: Sandblast (safe; 1% risk of failure)
Press: ? - help, Shift-Dir - straight line, f/p - gnoll
Aim: a gnoll, wielding a +0 halberd (85% to hit)
The blast of sand hits the iguana!
You kill the iguana!
The gnoll hits you from afar with a +0 halberd!
* * * LOW HITPOINT WARNING * * *
The gnoll hits you from afar with a +0 halberd.
* * * LOW HITPOINT WARNING * * *
Casting: Sandblast (safe; 1% risk of failure)
Confirm with . or Enter, or press ? or * to list all spells.
Aiming: Sandblast (safe; 1% risk of failure)
Press: ? - help, Shift-Dir - straight line, f/p - gnoll
Aim: a gnoll, wielding a +0 halberd (85% to hit)
The blast of sand hits the gnoll.
The gnoll is lightly wounded.
The gnoll barely misses you.
Casting: Sandblast (safe; 1% risk of failure)
Confirm with . or Enter, or press ? or * to list all spells.
Aiming: Sandblast (safe; 1% risk of failure)
Press: ? - help, Shift-Dir - straight line, f/p - gnoll
Aim: a gnoll, wielding a +0 halberd (lightly wounded, 85% to hit)
The blast of sand misses the gnoll.
The gnoll hits you from afar with a +0 halberd!
You die...

##### #. ...#
###.###.####
.......†...# #
###...#.##g#.# ?
..>..#.##†#.# ..
##...#l#@...# ...
#...#g##.### ....
#.....##.# [....
#.l#####.#
....h.####........#
.....gg.ghl.###..##
###.######..#....##
#........#
#.._..._.#


You could see a gnoll.

Vanquished Creatures
  An ogre (D:4)
  3 scorpions
  A jelly (D:3)
  3 iguanas
  An orc wizard (D:4)
  5 adders
  4 gnolls (D:4)
  4 dart slugs (D:1)
  9 orcs
  8 ball pythons
  6 endoplasms
  3 giant cockroaches
  9 goblins
  5 hobgoblins
  A quokka (D:3)
  3 bats
  5 frilled lizards
  11 kobolds
  6 rats
88 creatures vanquished.

Notes
Turn   | Place    | Note
-------+----------+-------------------------------------------
     0 | D:1      | CougarLife the Gargoyle Earth Elementalist began the quest
                  | for the Orb.
     0 | D:1      | Reached XP level 1. HP: 10/10 MP: 3/3
   239 | D:1      | Reached XP level 2. HP: 15/15 MP: 3/5
   525 | D:1      | Reached skill level 4 in Earth Magic
   796 | D:1      | Reached XP level 3. HP: 19/19 MP: 4/6
  1304 | D:2      | Found a shadowy altar of Dithmenos.
  1779 | D:2      | Reached XP level 4. HP: 24/24 MP: 6/8
  2197 | D:3      | You fall into a shaft and drop 2 floors!
  2197 | D:5      | Entered Level 5 of the Dungeon
  2197 | D:5      | Found a stormy altar of Qazlal.
  2197 | D:5      | Found an ornate altar of the Wu Jian Council.
  2197 | D:5      | Found a shadowy altar of Dithmenos.
  2197 | D:5      | Found a white marble altar of Elyvilon.
  2198 | D:5      | Found an iron altar of Okawaru.
  2471 | D:3      | Reached XP level 5. HP: 28/28 MP: 7/9
  3549 | D:4      | Reached skill level 5 in Earth Magic
  3604 | D:4      | Learned a level 3 spell: Stone Arrow
  3777 | D:4      | Reached XP level 6. HP: 15/32 MP: 1/11
  4289 | D:4      | Reached skill level 6 in Earth Magic
  4289 | D:4      | Reached XP level 7. HP: 36/36 MP: 9/13
  4846 | D:5      | Slain by a gnoll

Illustrated notes

Levels and vault maps discovered:
D:1:      matt_arrival_spirals, layout_basic
D:2:      layout_rooms, basic_altar
D:3:      layout_basic
D:4:      layout_basic, serial_park_tiny_2
D:5:      layout_basic, grunt_temple_overflow_open, uniq_menkaure

Skill      XL: |  1  2  3  4  5  6 |
---------------+-------------------+-----
Earth Magic    | 4 5 6 |  6.4
Conjurations   | 2 3 4 |  4.7
Spellcasting   | 3 4 |  4.5
Dodging        | |  1.5
Stealth        | |  2.1

Action                     |  1- 3 |  4- 6 |  7- 9 || total
---------------------------+-------+-------+-------++-------
  Melee: Dagger            |     5 |    19 |       ||    24
         Punch             |     1 |       |       ||     1
   Cast: Sandblast         |    49 |    82 |    18 ||   149
         Stone Arrow       |       |     3 |     1 ||     4
    Use: Potion            |       |     1 |       ||     1
 Armour: Robe              |    13 |    48 |    11 ||    72
  Dodge: Dodged            |     8 |    33 |    13 ||    54

Table legend: (Time is in decaauts)
 A = Elapsed time spent in this place.
 B = Non-inter-level travel time spent in this place.
 C = Inter-level travel time spent in this place.
 D = Time resting spent in this place.
 E = Time spent auto-exploring this place.
 F = Levels seen in this place.
 G = Mean time per level.
                   A        B        C        D        E       F      G
               +--------+--------+--------+--------+--------+-----+--------+
         Total |   4911 |   4600 |    311 |    240 |   3711 |   5 |  982.2 |
       Dungeon |   4911 |   4600 |    311 |    240 |   3711 |   5 |  982.2 |
               +--------+--------+--------+--------+--------+-----+--------+

Top non-repeatable levels by time:
     D:4: 1483 daAuts
     D:3: 1389 daAuts
     D:1: 1279 daAuts
     D:2: 641 daAuts
     D:5: 117 daAuts
